 Dungeon Crawl Stone Soup version 0.25.1-2-g60ff931df9 (webtiles) character file.

Game seed: 14337809331365452511

604 Delamore the Basher (level 7, -6/41 HPs)
             Began as a Gargoyle Fighter on Aug 8, 2020.
             Killed by divine providence
             ... invoked by an orc priest
              (15 damage)
             ... on level 4 of the Dungeon.
             The game lasted 00:02:41 (3721 turns).

Delamore the Basher (Gargoyle Fighter)              Turns: 3721, Time: 00:02:42

Health: -6/41      AC: 20    Str: 21    XL:     7   Next: 42%
Magic:  7/7        EV:  5    Int:  9    God:
Gold:   186        SH:  9    Dex:  9    Spells: 6/6 levels left

rFire    . . .     SeeInvis .   a - +0 flail
rCold    . . .     Gourm    .   c - +0 kite shield
rNeg     + . .     Faith    .   g - +0 chain mail
rPois    ∞         Spirit   .   n - +0 helmet
rElec    +         Reflect  .   (no cloak)
rCorr    .         Harm     .   h - +0 pair of gloves
MR       .....                  (no boots)
Stlth    ..........             (no amulet)
HPRegen  0.13/turn              w - +4 ring of protection
MPRegen  0.10/turn              v - ring of attention (curse)

@: no status effects
A: negative energy resistance 1, electricity resistance, unbreathing,
petrification resistance, rot immunity, AC +4
a: no special abilities


You were on level 4 of the Dungeon.
You were not hungry.

You visited 1 branch of the dungeon, and saw 4 of its levels.

You collected 186 gold pieces.

Inventory:

Hand Weapons
 a - a +0 flail (weapon)
Armour
 b - a +0 scale mail
 c - a +0 kite shield (worn)
 g - a +0 chain mail (worn)
 h - a +0 pair of gloves (worn)
 n - a +0 helmet (worn)
Jewellery
 u - an uncursed ring of stealth
 v - a cursed ring of attention (right hand)
 w - a +4 ring of protection (left hand)
Scrolls
 e - a scroll of magic mapping {unknown}
 i - 2 scrolls of identify {unknown}
 k - 3 scrolls of teleportation {unknown}
 l - a scroll of remove curse {unknown}
 m - a scroll of amnesia {unknown}
 o - 2 scrolls of enchant weapon {unknown}
 t - a scroll of fear {unknown}
Potions
 d - a potion of might
 j - 2 potions of stabbing {unknown}
 p - a potion of lignification {unknown}
 q - a potion of cancellation {unknown}
 r - 2 potions of magic {unknown}
 x - 3 potions of curing {unknown}
Comestibles
 f - 3 rations
 s - a chunk of flesh


   Skills:
 - Level 3.2 Fighting
 + Level 8.0 Maces & Flails
 - Level 3.2 Armour
 - Level 3.2 Shields


You had 6 spell levels left.
You didn't know any spells.
Your spell library was empty.

Dungeon Overview and Level Annotations

Branches:
Dungeon (4/15)
 Temple: D:4-7

Altars:
Fedhas
Yredelemnul

Annotations:
D:3 exclusion: oklob plant
D:4 2 transporters


Innate Abilities, Weirdness & Mutations

You are resistant to torment.
Your stone body is resilient. (AC +4)
You are immune to poison.
You resist negative energy. (rN+)
You are resistant to electric shocks. (rElec)
You can survive without breathing.
You are immune to petrification.
You are immune to rotting.


Message History

An orc is nearby!
An orc is nearby!
An orc priest comes into view. It is wielding a +0 short sword.
The orc shouts!
The orc priest shouts!
The orc priest mumbles some strange prayers to Beogh against you.
Beogh smites you!
Found a stone staircase leading up.
An orc comes into view. It is wielding a +0 club.
The orc shouts!
An orc priest comes into view. It is wielding a +0 falchion.
The orc priest shouts!
You hear a shout!
The orc hits you but does no damage.
You closely miss the orc.
The orc priest calls down the wrath of Beogh upon you.
Beogh smites you!
* * * LOW HITPOINT WARNING * * *
An orc comes into view. It is wielding a +0 dagger.
The orc priest mumbles some strange prayers to Beogh against you.
Beogh smites you!
You die...

............ ..#
..........% ....#.
.[........ ......
.........# ...... #...†.#
#...<.. #...##......
###### ##....?..... ###
#○°.°○##......#... ○○°
#°○○☼.#.....@.#. ○.○
#°○○Y°#......o...... #.#
+°○.$)#........o..... ©!.
+...?©#©.......o..... #.#
+○○.$$#..###.....o...
#○°..°#...###......(.
#°○.☼○#....###.....o..
#####°○○.°#...............
...##########...)...##....


You could see 2 orc priests and 3 orcs.

Vanquished Creatures
  A human (D:2)
  An ice beast (D:4)
  2 ogres (D:4)
  A howler monkey (D:4)
  5 adders
  3 gnolls (D:3)
  2 oozes (D:2)
  A worm (D:2)
  3 dart slugs
  A leopard gecko (D:1)
  10 orcs (D:3)
  3 bats
  A giant cockroach (D:1)
  8 goblins
  2 hobgoblins
  2 quokkas
  2 ball pythons
  4 frilled lizards
  A goblin zombie (D:2)
  9 kobolds
  11 rats
73 creatures vanquished.

Notes
Turn   | Place    | Note
-------+----------+-------------------------------------------
     0 | D:1      | Delamore the Gargoyle Fighter began the quest for the Orb.
     0 | D:1      | Reached XP level 1. HP: 14/14 MP: 1/1
   205 | D:1      | Reached XP level 2. HP: 16/19 MP: 2/2
   586 | D:1      | Reached skill level 3 in Maces & Flails
  1242 | D:2      | Reached XP level 3. HP: 21/23 MP: 3/3
  1575 | D:2      | Reached skill level 4 in Maces & Flails
  1585 | D:2      | Found a runed translucent door.
  1585 | D:2      | Noticed a human
  1598 | D:2      | Found a basalt altar of Yredelemnul.
  1611 | D:2      | Killed a human
  1611 | D:2      | Reached skill level 5 in Maces & Flails
  1611 | D:2      | Reached XP level 4. HP: 16/28 MP: 4/4
  1611 | D:2      | Reached XP level 5. HP: 18/32 MP: 5/5
  2237 | D:2      | Reached skill level 6 in Maces & Flails
  2272 | D:3      | Reached XP level 6. HP: 37/37 MP: 6/6
  3127 | D:3      | Found a blossoming altar of Fedhas.
  3146 | D:3      | Noticed an oklob plant
  3257 | D:4      | Noticed an ice beast
  3282 | D:4      | Killed an ice beast
  3282 | D:4      | Reached skill level 7 in Maces & Flails
  3303 | D:4      | Reached XP level 7. HP: 3/41 MP: 7/7
  3618 | D:4      | Found a transporter.
  3642 | D:4      | Found a transporter.
  3654 | D:4      | Reached skill level 8 in Maces & Flails
  3721 | D:4      | Killed from afar by an orc priest

Illustrated notes

Levels and vault maps discovered:
D:1:      wander_arrival_chamber, layout_loops_ring, minmay_misc_feat_chi,
          minmay_door_square, hangedman_decor_growths, minmay_tetromino_o4
D:2:      wander_river, layout_basic, dk_yredelemnul_ordeal
D:3:      layout_loops_ring, serial_aquarium, aquarium_bridge_square
          [aquarium_subvault_bridge, aquarium_subvault_balcony,
          aquarium_subvault_wall, aquarium_subvault_window],
          aquarium_bridge_square [aquarium_subvault_bridge,
          aquarium_subvault_bridge, aquarium_subvault_window,
          aquarium_subvault_balcony], aquarium_window_2, aquarium_window_fake,
          aquarium_view_2f, aquarium_balcony_1b, solitary_fountain, tgw_fedhas
D:4:      gammafunk_cloud_chamber, layout_cave_pools,
          nicolae_dithmenos_shadow_blocks, minmay_temple_entry_tees

Skill      XL: |  1  2  3  4  5  6  7 |
---------------+----------------------+-----
Maces & Flails | 3 5 6 7 8 |  8.0
Fighting       | |  3.2
Armour         | |  3.2
Shields        | |  3.2

Action                   |  1- 3 |  4- 6 |  7- 9 || total
-------------------------+-------+-------+-------++-------
Melee: Flail             |   149 |   159 |    17 ||   325
  Eat: Chunk             |     2 |     5 |       ||     7
       Ration            |       |       |     1 ||     1
Armor: Scale mail        |    35 |       |       ||    35
       Chain mail        |    54 |    78 |     6 ||   138
Dodge: Dodged            |    37 |    21 |     2 ||    60
Block: Kite shield       |    80 |    81 |    10 ||   171
